OTM
DETROIT DIESEL @ SCHENECTADY BLUE JAYS
03/02/2086
 
TOP OF THE 1ST
Detroit Diesel batting - Pitching for Schenectady Blue Jays : RHP Robby Hernández
Pitching: RHP Robby Hernández
Batting: LHB Bryan Abts 0-0: Called Strike
0-1: Ball
1-1: Fly out, F4 (Popup, 4, EV 56.3 MPH)
Batting: RHB R.J. Douglas 0-0: Foul Ball, location: 9LDF
0-1: Ground out 6-3 (Groundball, 6, EV 91.3 MPH)
Batting: RHB Ted Reff 0-0: Fly out, F9 (Flyball, 9LMF, EV 101.3 MPH)
Top of the 1st over - 0 runs, 0 hits, 0 errors, 0 left on base; Detroit 0 - Schenectady 0
BOTTOM OF THE 1ST
Schenectady Blue Jays batting - Pitching for Detroit Diesel : RHP Kyle Gutshall
Pitching: RHP Kyle Gutshall
Batting: RHB Isiah Powell 0-0: Ball
1-0: Fly out, F8 (Flyball, 8RM, EV 71.9 MPH)
Batting: SHB Tristan Stutz 0-0: Foul Ball, location: 7LDF
0-1: Ground out 6-3 (Groundball, 6, EV 102.5 MPH)
Batting: LHB Jon Trevino 0-0: Foul Ball, location: 9LSFF
0-1: Ball
1-1: Ball
2-1: Fly out, F9 (Flyball, 89M, EV 87.5 MPH)
Bottom of the 1st over - 0 runs, 0 hits, 0 errors, 0 left on base; Detroit 0 - Schenectady 0
TOP OF THE 2ND
Detroit Diesel batting - Pitching for Schenectady Blue Jays : RHP Robby Hernández
Batting: RHB Manny Hinojosa 0-0: Ball
1-0: Swinging Strike
1-1: Fly out, F8 (Flyball, 8RD, EV 100.6 MPH)
Batting: RHB Andrew Tubbs 0-0: Ball
1-0: SINGLE (Groundball, 4MD, EV 106.3 MPH)
Batting: SHB Jacob Lansaw 0-0: Swinging Strike
0-1: Swinging Strike
0-2: Foul Ball, location: 2F
0-2: Ball
1-2: Strikes out looking
Batting: RHB Mal Richardson 0-0: Ground out 4-3 (Groundball, 4, EV 88.8 MPH)
Top of the 2nd over - 0 runs, 1 hit, 0 errors, 1 left on base; Detroit 0 - Schenectady 0
BOTTOM OF THE 2ND
Schenectady Blue Jays batting - Pitching for Detroit Diesel : RHP Kyle Gutshall
Batting: LHB Chad Blake 0-0: Swinging Strike
0-1: SINGLE (Flyball, 8LS, EV 85.6 MPH)
Batting: RHB Felipe López 0-0: Foul Ball, location: 2F
0-1: Foul Ball, location: 23FF
0-2: Ball
1-2: Ball
2-2: Foul Ball, location: 3SF
2-2: Ball
Wild Pitch!
Chad Blake to second
3-2: Foul Ball, location: 2F
3-2: Fly out, F4 (Popup, 23, EV 82.5 MPH)
Batting: SHB Oscar Ortiz 0-0: Foul Ball, location: 5F
0-1: Ball
1-1: Ball
2-1: Swinging Strike
2-2: Ground out 5-3 (Groundball, 56, EV 99.4 MPH)
Batting: RHB Don Alexander 0-0: Ball
1-0: Ball
2-0: Swinging Strike
2-1: Ball
3-1: Foul Ball, location: 2F
3-2: Base on Balls
Batting: RHB Jed Gómez 0-0: Called Strike
0-1: Swinging Strike
0-2: Ball
1-2: Hit by Pitch
Chad Blake to third
Don Alexander to second
Batting: RHB Cody Kerney 0-0: Ball
1-0: Ball
2-0: Called Strike
2-1: Ball
3-1: Base on Balls
Chad Blake scores
Don Alexander to third
Jed Gómez to second
Batting: RHB Isiah Powell 0-0: Ball
1-0: Called Strike
1-1: Ball
2-1: Called Strike
2-2: Foul Ball, location: 2F
2-2: Foul Ball, location: 2F
2-2: Foul Ball, location: 2F
2-2: Strikes out swinging
Bottom of the 2nd over - 1 run, 1 hit, 0 errors, 3 left on base; Detroit 0 - Schenectady 1
TOP OF THE 3RD
Detroit Diesel batting - Pitching for Schenectady Blue Jays : RHP Robby Hernández
Batting: RHB Scott Lillard 0-0: Ball
1-0: Foul Ball, location: 3SF
1-1: Foul Ball, location: 23F
1-2: Ball
2-2: Fly out, F8 (Line Drive, 8LM, EV 96.9 MPH)
Batting: RHB Mark Warner 0-0: Ball
1-0: Ball
2-0: Called Strike
2-1: Called Strike
2-2: Foul Ball, location: 2F
2-2: Ball
3-2: Base on Balls
Batting: LHB Bryan Abts 0-0: Ball
1-0: Swinging Strike
1-1: Called Strike
1-2: Strikes out swinging
Batting: RHB R.J. Douglas 0-0: Swinging Strike
0-1: Ball
1-1: Ball
2-1: Ball
3-1: Called Strike
3-2: Fly out, F9 (Line Drive, 89S, EV 89.4 MPH)
Top of the 3rd over - 0 runs, 0 hits, 0 errors, 1 left on base; Detroit 0 - Schenectady 1
BOTTOM OF THE 3RD
Schenectady Blue Jays batting - Pitching for Detroit Diesel : RHP Kyle Gutshall
Batting: SHB Tristan Stutz 0-0: Ball
1-0: Called Strike
1-1: SINGLE (Groundball, 4MD, EV 96.3 MPH)
Batting: LHB Jon Trevino 0-0: Ball
Tristan Stutz steals 2nd base (no throw)
1-0: Called Strike
1-1: TRIPLE (Line Drive, 89XD, EV 108.1 MPH)
Tristan Stutz scores
Batting: LHB Chad Blake 0-0: SINGLE (Line Drive, 6D, EV 100.6 MPH)
Jon Trevino scores
Batting: RHB Felipe López 0-0: Called Strike
0-1: Foul Ball, location: 3SF
0-2: Ball
1-2: Fly out, F8 (Flyball, 8LD, EV 94.4 MPH)
Batting: SHB Oscar Ortiz 0-0: Foul Ball, location: 2F
0-1: Ball
1-1: Ball
2-1: Foul Ball, location: 9LSFF
2-2: Ball
3-2: Foul Ball, location: 2F
3-2: Fly out, F7 (Line Drive, 7, EV 97.5 MPH)
Batting: RHB Don Alexander 0-0: Foul Ball, location: 2F
0-1: Foul Ball, location: 3FF
0-2: Foul Ball, location: 3FF
0-2: Ball
1-2: Fly out, F9 (Flyball, 9LM, EV 81.3 MPH)
Bottom of the 3rd over - 2 runs, 3 hits, 0 errors, 1 left on base; Detroit 0 - Schenectady 3
TOP OF THE 4TH
Detroit Diesel batting - Pitching for Schenectady Blue Jays : RHP Robby Hernández
Batting: RHB Ted Reff 0-0: Foul Ball, location: 2RF
0-1: Called Strike
0-2: Strikes out swinging
Batting: RHB Manny Hinojosa 0-0: Ball
1-0: Ball
2-0: SOLO HOME RUN (Flyball, 89XD, EV 98.1 MPH), Distance : 405 ft
Batting: RHB Andrew Tubbs 0-0: Ball
1-0: Ball
2-0: Called Strike
2-1: Ball
3-1: Base on Balls
Batting: SHB Jacob Lansaw 0-0: Ball
1-0: DOUBLE (Flyball, 89D, EV 110.6 MPH)
Andrew Tubbs to third
Runner from 3rd tries for Home, SAFE, throw by CF to trailing runner, SAFE at third!
Batting: RHB Mal Richardson 0-0: Called Strike
0-1: Swinging Strike
0-2: Ball
1-2: SINGLE (Groundball, 56, EV 91.3 MPH)
Jacob Lansaw scores
Batting: RHB Scott Lillard 0-0: Ball
1-0: Ball
2-0: Foul Ball, location: 3DF
2-1: DOUBLE (Line Drive, 78D, EV 106.9 MPH)
Mal Richardson to third
Runner from 3rd tries for Home, SAFE, no throw by CF
Batting: RHB Mark Warner 0-0: Called Strike
0-1: Ball
1-1: Foul Ball, location: 3F
1-2: Ball
2-2: Ball
3-2: Base on Balls
Pinch Hitting: LHB Jerry Foster 0-0: Ball
1-0: Swinging Strike
1-1: Ball
2-1: Fly out, F7 (Flyball, 7, EV 86.9 MPH)
Batting: RHB R.J. Douglas 0-0: Called Strike
0-1: Ball
1-1: Ball
2-1: Ball
3-1: Called Strike
3-2: SINGLE (Line Drive, 4D, EV 106.3 MPH)
Scott Lillard to third
Mark Warner to second
Scott Lillard scores
Mark Warner to third
Pitching: RHP Mario Gómez
Batting: RHB Ted Reff 0-0: Ball
1-0: Ball
2-0: Ball
3-0: Base on Balls
R.J. Douglas to second
Batting: RHB Manny Hinojosa 0-0: SINGLE (Groundball, 15, EV 69.4 MPH) (infield hit)
Mark Warner scores
R.J. Douglas to third
Ted Reff to second
Batting: RHB Andrew Tubbs 0-0: Foul Ball, location: 23F
0-1: Foul Ball, location: 3FF
0-2: Ball
1-2: Foul Ball, location: 2F
1-2: Foul Ball, location: 7LMF
1-2: Ball
2-2: Foul Ball, location: 2F
2-2: Foul Ball, location: 9LMF
2-2: DOUBLE (Line Drive, 8RXD, EV 107.5 MPH)
R.J. Douglas scores
Ted Reff scores
Manny Hinojosa to third
Batting: SHB Jacob Lansaw 0-0: Ball
1-0: Foul Ball, location: 2F
1-1: Fly out, F8 (Flyball, 89M, EV 69.4 MPH)
Top of the 4th over - 8 runs, 7 hits, 0 errors, 2 left on base; Detroit 8 - Schenectady 3
BOTTOM OF THE 4TH
Schenectady Blue Jays batting - Pitching for Detroit Diesel : RHP Kyle Gutshall
Pitching: RHP Nate Dixon
Now in LF: Mark Warner
Now in CF: Don Walker
Batting: RHB Jed Gómez 0-0: Ball
1-0: Foul Ball, location: 23FF
1-1: Swinging Strike
1-2: Ground out 4-3 (Groundball, 4S, EV 71.9 MPH)
Batting: RHB Cody Kerney 0-0: Swinging Strike
0-1: Ball
1-1: Foul Ball, location: 5F
1-2: Foul Ball, location: 2F
1-2: Strikes out swinging
Batting: RHB Isiah Powell 0-0: Ball
1-0: Swinging Strike
1-1: Foul Ball, location: 2F
1-2: Fly out, F6 (Popup, 6M, EV 65.0 MPH)
Bottom of the 4th over - 0 runs, 0 hits, 0 errors, 0 left on base; Detroit 8 - Schenectady 3
TOP OF THE 5TH
Detroit Diesel batting - Pitching for Schenectady Blue Jays : RHP Mario Gómez
Pitching: LHP Don Drew
Now at C: Robert Nanny
Now at 1B: Eric Barrell
Now in RF: Adam Barclay
Batting: RHB Mal Richardson 0-0: Ball
1-0: Ball
2-0: Foul Ball, location: 2F
2-1: Called Strike
2-2: Ground out 6-3 (Groundball, 6S, EV 91.9 MPH)
Batting: RHB Scott Lillard 0-0: Called Strike
0-1: Swinging Strike
0-2: Ball
1-2: Strikes out looking
Batting: RHB Mark Warner 0-0: Ball
1-0: Called Strike
1-1: Ball
2-1: Swinging Strike
2-2: Ground out U3 (Groundball, 3, EV 82.5 MPH)
Top of the 5th over - 0 runs, 0 hits, 0 errors, 0 left on base; Detroit 8 - Schenectady 3
BOTTOM OF THE 5TH
Schenectady Blue Jays batting - Pitching for Detroit Diesel : RHP Nate Dixon
Pitching: LHP Derrek Stone
Now at 1B: John Aguirre
Now at SS: Pat Newman
Pinch Hitting: LHB Jesse Choate 0-0: Ball
1-0: Foul Ball, location: 2F
1-1: Ground out U3 (Groundball, 3, EV 87.5 MPH)
Batting: LHB Jon Trevino 0-0: Foul Ball, location: 3F
0-1: Swinging Strike
0-2: Strikes out looking
Batting: RHB Adam Barclay 0-0: Foul Ball, location: 2F
0-1: Ball
1-1: Foul Ball, location: 2F
1-2: Foul Ball, location: 23FF
1-2: Strikes out swinging
Bottom of the 5th over - 0 runs, 0 hits, 0 errors, 0 left on base; Detroit 8 - Schenectady 3
TOP OF THE 6TH
Detroit Diesel batting - Pitching for Schenectady Blue Jays : LHP Don Drew
Pitching: LHP Felipe Vallejo
Now in CF: Jesse Choate
Batting: LHB Don Walker 0-0: Ball
1-0: Ground out 5-3 (Groundball, 56, EV 76.9 MPH)
Batting: RHB John Aguirre 0-0: Fly out, F9 (Flyball, 9, EV 89.4 MPH)
Pinch Hitting: RHB Jim Thompson 0-0: Foul Ball, location: 23F
0-1: Called Strike
0-2: Foul Ball, location: 2LF
0-2: Ball
1-2: Foul Ball, location: 25F
1-2: Strikes out looking
Top of the 6th over - 0 runs, 0 hits, 0 errors, 0 left on base; Detroit 8 - Schenectady 3
BOTTOM OF THE 6TH
Schenectady Blue Jays batting - Pitching for Detroit Diesel : LHP Derrek Stone
Pitching: RHP Daniel Binder
Now at 2B: Ray Nelson
Now at 3B: Willie Morrison
Now in RF: Willie Evans
Pinch Hitting: RHB Chim Ba 0-0: Ground out U3 (Groundball, 34, EV 105.0 MPH)
Batting: SHB Oscar Ortiz 0-0: Swinging Strike
0-1: Ball
1-1: Ball
2-1: Ball
3-1: Base on Balls
Batting: RHB Eric Barrell 0-0: Foul Ball, location: 2F
0-1: Ball
1-1: Ball
Wild Pitch!
Oscar Ortiz to second
2-1: Ball
3-1: Foul Ball, location: 23F
3-2: Fly out, F8 (Flyball, 8RM, EV 93.1 MPH)
Batting: RHB Jed Gómez 0-0: Foul Ball, location: 2F
0-1: Ball
1-1: Foul Ball, location: 9LDF
1-2: Ball
2-2: Ball
3-2: Fly out, F8 (Flyball, 8RD, EV 93.1 MPH)
Bottom of the 6th over - 0 runs, 0 hits, 0 errors, 1 left on base; Detroit 8 - Schenectady 3
TOP OF THE 7TH
Detroit Diesel batting - Pitching for Schenectady Blue Jays : LHP Felipe Vallejo
Pitching: RHP Pat Taylor
Now at 3B: Cody Kerney
Now at SS: Chim Ba
Batting: RHB Manny Hinojosa 0-0: Ball
1-0: SINGLE (Line Drive, 4MD, EV 96.3 MPH)
Batting: RHB Pat Newman 0-0: Ball
1-0: SINGLE (Groundball, 34D, EV 93.8 MPH)
Manny Hinojosa to second
Batting: RHB Willie Morrison 0-0: Ball
1-0: Called Strike
1-1: Called Strike
1-2: Foul Ball, location: 23F
1-2: Foul Ball, location: 2F
1-2: Ball
2-2: Strikes out looking
Batting: LHB Matthew Hidalgo 0-0: Ball
1-0: Called Strike
1-1: Ball
2-1: Fly out, F9 (Line Drive, 89M, EV 106.9 MPH)
Lined into DP, 9-6 (Line Drive, 89M, EV 106.9 MPH)
Top of the 7th over - 0 runs, 2 hits, 0 errors, 1 left on base; Detroit 8 - Schenectady 3
BOTTOM OF THE 7TH
Schenectady Blue Jays batting - Pitching for Detroit Diesel : RHP Daniel Binder
Pitching: RHP Brad Dominguez
Batting: RHB Cody Kerney 0-0: Ball
1-0: Ball
2-0: SINGLE (Flyball, 89S, EV 89.4 MPH)
Batting: RHB Robert Nanny 0-0: Ball
1-0: Ball
Wild Pitch!
Cody Kerney to second
2-0: Ball
3-0: Called Strike
3-1: Base on Balls
Batting: LHB Jesse Choate 0-0: Called Strike
0-1: Foul Ball, location: 2F
0-2: Ball
1-2: Ball
2-2: Fielders Choice at 2nd, U6 (Groundball, 4M, EV 81.3 MPH)
Cody Kerney to third
Batting: LHB Jon Trevino 0-0: Ball
Pickoff Throw to First - Out! 1-3
1-0: Ground out U3 (Groundball, 3, EV 88.1 MPH)
Bottom of the 7th over - 0 runs, 1 hit, 0 errors, 1 left on base; Detroit 8 - Schenectady 3
TOP OF THE 8TH
Detroit Diesel batting - Pitching for Schenectady Blue Jays : RHP Pat Taylor
Pitching: RHP Sean Stephens
Batting: RHB Ray Nelson 0-0: Ball
1-0: Called Strike
1-1: Ball
2-1: Called Strike
2-2: Fly out, F8 (Line Drive, 89D, EV 84.4 MPH)
Pinch Hitting: LHB Zak Parrish 0-0: Ball
1-0: Ball
2-0: Called Strike
2-1: SINGLE (Line Drive, 56D, EV 103.8 MPH)
Batting: LHB Don Walker 0-0: Ball
1-0: Ball
Zak Parrish steals 2nd base
2-0: Foul Ball, location: 23FF
2-1: Called Strike
2-2: Ball
3-2: Hit by Pitch
Batting: RHB John Aguirre 0-0: Ball
1-0: Called Strike
1-1: Foul Ball, location: 9LMF
1-2: Foul Ball, location: 2F
1-2: Ball
2-2: SINGLE (Line Drive, 6MD, EV 94.4 MPH)
Zak Parrish to third
Don Walker to second
Runner from 3rd tries for Home, SAFE, throw by CF to home
Batting: LHB Willie Evans 0-0: Called Strike
0-1: Swinging Strike
0-2: Ball
1-2: Fielders Choice at 2nd, 5-4 (Groundball, 56, EV 83.1 MPH)
Don Walker to third
Batting: RHB Manny Hinojosa 0-0: Called Strike
0-1: Called Strike
0-2: SINGLE (Popup, 2R, EV 96.9 MPH)
Don Walker scores
Willie Evans to second
Runner from 2nd tries for 3rd, SAFE, throw by C made to third
Batting: RHB Pat Newman 0-0: Ball
1-0: Fly out, F8 (Line Drive, 8LD, EV 86.9 MPH)
Top of the 8th over - 2 runs, 3 hits, 0 errors, 2 left on base; Detroit 10 - Schenectady 3
BOTTOM OF THE 8TH
Schenectady Blue Jays batting - Pitching for Detroit Diesel : RHP Brad Dominguez
Pitching: RHP Bill Basile
Now in LF: Zak Parrish
Batting: RHB Adam Barclay 0-0: Ball
1-0: Ball
2-0: Ball
3-0: Called Strike
3-1: Foul Ball, location: 2F
3-2: Base on Balls
Batting: RHB Chim Ba 0-0: Ball
1-0: Called Strike
1-1: Foul Ball, location: 2F
1-2: Ball
2-2: Grounds into double play, 6-4-3 (Groundball, 6M, EV 85.0 MPH)
Batting: SHB Oscar Ortiz 0-0: Foul Ball, location: 2F
0-1: Called Strike
0-2: Ball
1-2: Foul Ball, location: 7LMF
1-2: Ball
2-2: Foul Ball, location: 5DF
2-2: Ball
3-2: Strikes out swinging
Bottom of the 8th over - 0 runs, 0 hits, 0 errors, 0 left on base; Detroit 10 - Schenectady 3
TOP OF THE 9TH
Detroit Diesel batting - Pitching for Schenectady Blue Jays : RHP Sean Stephens
Pitching: RHP Steve Cohen
Batting: RHB Willie Morrison 0-0: Ground out 4-3 (Groundball, 4M, EV 101.3 MPH)
Batting: LHB Matthew Hidalgo 0-0: Ball
1-0: Called Strike
1-1: Ball
2-1: Foul Ball, location: 3SF
2-2: SINGLE (Line Drive, 7S, EV 104.4 MPH)
Batting: RHB Ray Nelson 0-0: Called Strike
0-1: SINGLE (Line Drive, 5D, EV 97.5 MPH)
Matthew Hidalgo to second
Batting: LHB Zak Parrish 0-0: Fly out, F8 (Flyball, 8LM, EV 90.6 MPH)
Batting: LHB Don Walker 0-0: Ball
1-0: Ball
2-0: Fly out, F6 (Popup, 6MS, EV 63.8 MPH)
Top of the 9th over - 0 runs, 2 hits, 0 errors, 2 left on base; Detroit 10 - Schenectady 3
BOTTOM OF THE 9TH
Schenectady Blue Jays batting - Pitching for Detroit Diesel : RHP Bill Basile
Pitching: LHP Duane Miller
Batting: RHB Eric Barrell 0-0: Called Strike
0-1: SINGLE (Line Drive, 7S, EV 95.0 MPH)
Batting: RHB Jed Gómez 0-0: Ground out 5-3 (Groundball, 56, EV 78.1 MPH)
Eric Barrell to second
Batting: RHB Cody Kerney 0-0: Ball
1-0: Foul Ball, location: 23F
1-1: Swinging Strike
1-2: Foul Ball, location: 2F
1-2: SINGLE (Line Drive, 9S, EV 95.6 MPH)
Eric Barrell to third
Batting: RHB Robert Nanny 0-0: Ball
1-0: SINGLE (Groundball, 34D, EV 100.0 MPH)
Eric Barrell scores
Cody Kerney to second
Batting: LHB Jesse Choate 0-0: Fly out, F7 (Line Drive, 7S, EV 85.0 MPH)
Batting: LHB Jon Trevino 0-0: Foul Ball, location: 7LSF
0-1: Foul Ball, location: 2F
0-2: Foul Ball, location: 7LSF
0-2: 3-RUN HOME RUN (Flyball, 9D, EV 93.8 MPH), Distance : 364 ft
Pitching: RHP Matt Brennan
Batting: RHB Adam Barclay 0-0: Called Strike
0-1: Ball
1-1: Foul Ball, location: 23FF
1-2: Foul Ball, location: 2F
1-2: Ball
2-2: Ball
3-2: Ground out 6-3 (Groundball, 6, EV 96.3 MPH)
Bottom of the 9th over - 4 runs, 4 hits, 0 errors, 0 left on base; Detroit 10 - Schenectady 7
Sunday, May 5th , 2024 - OOTP Baseball 24.11 Build 85